 Dungeon Crawl Stone Soup version 0.27.1-33-g824d729ab1 (webtiles) character file.

Game seed: 14715786022041107561

28 sking99 the Digger (level 3, -1/20 HPs)
             Began as a Kobold Earth Elementalist on Dec 17, 2021.
             Slain by a gnoll (3 damage)
             ... on level 1 of the Dungeon.
             The game lasted 00:03:36 (1223 turns).

sking99 the Digger (Kobold Earth Elementalist)      Turns: 1223, Time: 00:03:37

Health: -1/20      AC:  2    Str:  6    XL:     3   Next: 30%
Magic:  2/6        EV: 15    Int: 16    God:
Gold:   46         SH:  0    Dex: 15    Spells: 1/7 levels left

rFire    . . .     SeeInvis .   i - +0 dagger
rCold    . . .     Faith    .   (shield restricted)
rNeg     . . .     Spirit   .   b - +0 robe
rPois    .         Reflect  .   (no helmet)
rElec    .         Harm     .   (no cloak)
rCorr    .         Rampage  .   (no gloves)
Will     .....                  (no boots)
Stlth    +++.......             (no amulet)
HPRegen  0.06/turn              (no ring)
MPRegen  0.10/turn              (no ring)

@: no status effects
A: small, no large weapons, nightstalker 3
a: no special abilities


You were on level 1 of the Dungeon.
You visited 1 branch of the dungeon, and saw 2 of its levels.

You collected 46 gold pieces.

Inventory:

Hand Weapons
 i - a +0 dagger (weapon)
Armour
 b - a +0 robe (worn)
Scrolls
 d - a scroll of noise {unknown}
 f - 2 scrolls of identify {unknown}
 g - a scroll of fear {unknown}
 j - a scroll of amnesia {unknown}
Potions
 a - a potion of heal wounds {unknown}
 e - 2 potions of curing {unknown}
 h - a potion of lignification {unknown}


   Skills:
 + Level 1.3 Fighting
 - Level 2.4 Dodging
 - Level 2.6 Stealth
 + Level 2.5 Spellcasting
 + Level 1.6 Transmutations
 * Level 3.3 Earth Magic


You had one spell level left.
You knew the following spells:

 Your Spells              Type           Power      Damage    Failure   Level
a - Sandblast             Erth           24%        2d8       4%          1
b - Stone Arrow           Conj/Erth      14%        3d7       30%         3
z - Passwall              Tmut/Erth      8%         N/A       11%         2

Your spell library contained the following spells:

 Spells                   Type           Power      Damage    Failure   Level
 Petrify                  Tmut/Erth      10%        N/A       56%         4


Dungeon Overview and Level Annotations

Branches:
Dungeon (2/15)

Altars:


Innate Abilities, Weirdness & Mutations

You are small and have problems with some larger weapons.
You are completely attuned to the shadows.


Message History

Press: ? - help, Shift-Dir - straight line, f/p - gnoll
Aim: a gnoll, wielding a +0 club (lightly wounded, 82% to hit)
The blast of sand hits the gnoll.
The gnoll is heavily wounded.
You now have no stones remaining.
The gnoll hits you with a +0 club.
Your magical contamination has completely faded away.
Casting: Sandblast (safe; 4% risk of failure)
Confirm with . or Enter, or press ? or * to list all spells.
You don't have any stones to cast with.
Unknown command.
Casting: Sandblast (safe; 4% risk of failure)
Confirm with . or Enter, or press ? or * to list all spells.
You don't have any stones to cast with.
You hit the gnoll.
The gnoll is heavily wounded.
The gnoll completely misses you.
You hit the gnoll.
The gnoll is severely wounded.
The gnoll hits you with a +0 club.
You hit the gnoll but do no damage.
The gnoll is severely wounded.
The gnoll hits you but does no damage.
You hit the gnoll but do no damage.
The gnoll is severely wounded.
The gnoll closely misses you.
You barely miss the gnoll.
The gnoll is severely wounded.
The gnoll hits you with a +0 club.
* * * LOW HITPOINT WARNING * * *
You hit the gnoll.
The gnoll is severely wounded.
The gnoll hits you with a +0 club.
* * * LOW HITPOINT WARNING * * *
You hit the gnoll.
The gnoll is severely wounded.
The gnoll barely misses you.
You hit the gnoll.
The gnoll is almost dead.
The gnoll hits you with a +0 club.
You die...

.#..#..#...........#.####.####..#
.#.#..#.......####.#......#......
.#.#.#...#................#.#####
#.#.#..##.....#.#.........#......
...#.##.).....#...........#######
....#..........................#
.<...######.#.....).....####...#
....#........##########.## #.####
...#.##.........@g.......# #.....
#.#.#..##...#>#####......# #...##
.#.#.#...#..#....g..)....####..#.
.#.#..#.....#######..............
.#..#..#....# #........#######.
.#..#...#..######.#............#.
.#...#.....# #....#.........##.#.
.#........####....#.........##.#.
........#####..#..###.......##.##


You could see a gnoll.

Vanquished Creatures
  2 dart slugs (D:1)
  2 ball pythons (D:1)
  2 endoplasms (D:1)
  2 hobgoblins (D:1)
  2 jackals (D:2)
  3 kobolds (D:1)
  A quokka (D:1)
  5 bats (D:1)
  A frilled lizard (D:1)
  3 rats
23 creatures vanquished.

Notes
Turn   | Place    | Note
-------+----------+-------------------------------------------
     0 | D:1      | sking99 the Kobold Earth Elementalist began the quest for
                  | the Orb.
     0 | D:1      | Reached XP level 1. HP: 10/10 MP: 3/3
   314 | D:1      | Reached XP level 2. HP: 16/16 MP: 1/5
   360 | D:1      | Learned a level 2 spell: Passwall
   495 | D:1      | Reached skill level 1 in Fighting
   905 | D:1      | Reached XP level 3. HP: 20/20 MP: 3/6
  1002 | D:1      | Found a faded altar of an unknown god.
  1127 | D:2      | Learned a level 3 spell: Stone Arrow
  1223 | D:1      | Slain by a gnoll

Illustrated notes

Levels and vault maps discovered:
D:1:      minmay_arrival_radiant_lines, layout_basic,
          shapermc_ecumenical_altar_mp_vishouse, grunt_decor_mini_mirrors
D:2:      layout_basic, cheibrodos_gnoll_hut

Skill      XL: |  1  2 |
---------------+-------+-----
Fighting       | 1 |  1.3
Dodging        | |  2.4
Stealth        | |  2.6
Spellcasting   | |  2.5
Transmutations | |  1.6
Earth Magic    | |  3.3

Action                   || total
-------------------------++-------
Melee: Dagger            ||    10
 Cast: Sandblast         ||    35
Armor: Robe              ||     3
Dodge: Dodged            ||    14
